 Dungeon Crawl Stone Soup version 0.29-a0-233-g1125b37a9b (webtiles) character file.

Game seed: 18065298591452959831

70 drugrobin the Chopper (level 3, -5/26 (30) HPs)
             Began as a Demigod Fighter on Mar 2, 2022.
             Slain by a wight
             ... wielding a +4 battleaxe
              (11 damage)
             ... on level 2 of the Dungeon.
             The game lasted 00:05:15 (2007 turns).

drugrobin the Chopper (Demigod Fighter)             Turns: 2007, Time: 00:05:17

HP:   -5/26 (30)    AC: 11    Str: 21    XL:     3   Next: 76%
MP:   5/5           EV:  9    Int: 10    God:
Gold: 107           SH:  5    Dex: 18    Spells: 2/2 levels left

rFire   . . .      SeeInvis +   s - +5 rapier of Ruination {freeze, Dex+5}
rCold   . . .      Faith    .   j - +0 buckler
rNeg    . . .      Spirit   .   t - +0 plate armour
rPois   .          Reflect  .   (no helmet)
rElec   .          Harm     .   (no cloak)
rCorr   .          Rampage  .   (no gloves)
Will    .....                   (no boots)
Stlth   ..........              (no amulet)
HPRegen 0.08/turn               h - +4 ring of evasion
MPRegen 0.09/turn               m - ring of see invisible

@: heavily drained
A: high MP 1, forlorn, divine attributes
a: no special abilities


You were on level 2 of the Dungeon.
You visited 1 branch of the dungeon, and saw 3 of its levels.

You collected 107 gold pieces.

Inventory:

Hand Weapons
 a - a +0 war axe
 b - a +0 hunting sling
 c - a +0 short sword of venom
 s - the +5 rapier of Ruination (weapon) {freeze, Dex+5}
   (You found it on level 2 of the Dungeon)

   It freezes those it strikes, dealing additional cold damage.
   It can also slow down cold-blooded creatures.
   Dex:       It affects your dexterity (+5).
Missiles
 e - 70 stones (quivered)
 g - 2 atropa-tipped darts
Armour
 f - a +0 chain mail
 j - a +0 buckler (worn)
 r - a +0 scale mail
 t - a +0 plate armour (worn)
 u - a +0 cloak
Jewellery
 h - a +4 ring of evasion (left hand)
 m - a ring of see invisible (right hand)
Scrolls
 n - 2 scrolls of fog {unknown}
 o - a scroll of immolation {unknown}
Potions
 d - a potion of might
 i - a potion of mutation {unknown}
 k - a potion of curing {unknown}
 l - a potion of cancellation {unknown}
 p - a potion of degeneration {unknown}
 q - 2 potions of magic {unknown}


   Skills:
 - Level 2.6 Fighting
 + Level 4.0 Axes
 - Level 2.6 Armour
 - Level 2.6 Shields


You had 2 spell levels left.
You didn't know any spells.
Your spell library contained the following spells:

 Spells                   Type           Power      Damage    Failure   Level
 Magic Dart               Conj           0%         1d3       100%        1
 Searing Ray              Conj           0%         2d4       100%        2
 Gell's Gravitas          Tloc           0%         N/A       100%        3
 Teleport Other           Tloc           0%         N/A       100%        3
 Fulminant Prism          Conj/Hex       0%         3d6       100%        4
 Dispersal                Tloc           0%         N/A       100%        6


Dungeon Overview and Level Annotations

Branches:
Dungeon (3/15)

Annotations:
D:2 Sigmund


Innate Abilities, Weirdness & Mutations

You have an increased reservoir of magic. (+10% MP)
You shall have no god before yourself.
Your divine heritage dramatically boosts your attributes as you level up.


Message History

You shoot a sling bullet.
The sling bullet hits the wight but does no damage.
Unknown command.
a - a +0 war axe (weapon)
Cleave: a) +0 war axe
Press: ? - help, Dir - move target, f/p - wight
Aim: a wight, wielding a +4 battleaxe and wearing a +0 robe (about 43% to evade your +0 war axe)
Your weapon can't reach that far!
Okay, then.
Unknown command.
Unknown command.
You feel agile.
The +5 rapier of Ruination {freeze, Dex+5} glows with a cold blue light!
s - the +5 rapier of Ruination (weapon)
{freeze, Dex+5} Throw: 71 stones
Press: ? - help, Q - select action, (/) - cycle Shift-Dir - straight line, f/p - wight
Aim: a wight, wielding a +4 battleaxe and wearing a +0 robe (62% to hit)
You throw a stone. The stone closely misses the wight.
Unknown command.
You barely miss the wight. You block the wight's attack.
You puncture the wight!
The wight is heavily damaged.
The wight barely misses you.
You hit the wight.
The wight is severely damaged.
The wight closely misses you. The wight barely misses you.
You closely miss the wight.
The wight is severely damaged.
You block the wight's attack.
You closely miss the wight.
The wight is severely damaged.
The wight barely misses you.
You hit the wight.
The wight is almost destroyed.
The wight hits you with a +4 battleaxe!
Ouch! That really hurt!
You feel drained.
* * * LOW HITPOINT WARNING * * *
The wight hits you with a +4 battleaxe!
You die...

.#########.#######.#.#.....#.#
# ...........# #.#.##...##.# #
.########### #.#.###.###.# #
.# #.#.# #.# #.#### .# #.#.#
#.###.#... ## ###.#.#
#..##.#.## #...#.# ##.##.#.#
#.###.# #.##.#.# #@# #.#
#.##†#.# #z# #.# #.##.#.# #.#
#.####.##.#.# #.#
#.........#.# .#
#.########.####.# .#
####.#...# #.## #.# .#
#........# #..# #.# ##########
#.##(#...# ##.# #.#
........###.##.##.## #.# #.#


You could see a wight.

Vanquished Creatures
  An adder (D:3)
  A worm (D:2)
  2 dart slugs (D:2)
  5 ball pythons
  7 endoplasms
  3 giant cockroaches (D:1)
  4 goblins
  7 hobgoblins
  3 jackals (D:2)
  2 quokkas
  3 bats
  2 frilled lizards
  5 kobolds
  A rat (D:1)
46 creatures vanquished.

Notes
Turn   | Place    | Note
-------+----------+-------------------------------------------
     0 | D:1      | drugrobin the Demigod Fighter began the quest for the Orb.
     0 | D:1      | Reached XP level 1. HP: 18/18 MP: 3/3
    43 | D:1      | Reached skill level 2 in Axes
   155 | D:1      | Reached XP level 2. HP: 20/25 MP: 4/4
   315 | D:1      | Reached skill level 3 in Axes
   838 | D:2      | Noticed Sigmund
   930 | D:2      | Reached XP level 3. HP: 30/30 MP: 5/5
  1304 | D:2      | Identified the +5 rapier of Ruination {freeze, Dex+5}
  1460 | D:2      | You fall into a shaft and drop 1 floor!
  1519 | D:3      | Noticed a wight
  1521 | D:3      | Noticed a wight
  1521 | D:3      | Noticed a wight
  1530 | D:3      | Noticed a wight
  1803 | D:2      | Reached skill level 4 in Axes
  2007 | D:2      | Slain by a wight

Illustrated notes

Levels and vault maps discovered:
D:1:      minmay_arrival_jagged, layout_basic, basic_ecumenical_altar
D:2:      layout_loops_ring, uniq_sigmund
D:3:      layout_rooms, mainiacjoe_overflow_paths, amcnicky_altar_gilded,
          uniq_jessica, uniq_robin

Skill      XL: |  1  2  3 |
---------------+----------+-----
Axes           | 2 3 4 |  4.0
Fighting       | |  2.6
Armour         | |  2.6
Shields        | |  2.6

Action                   || total
-------------------------++-------
Melee: War axe           ||   100
       Rapier            ||    19
 Fire: Hunting sling     ||     9
Throw: Stone             ||     2
       Dart              ||     1
Armor: Chain mail        ||    49
       Scale mail        ||     2
       Plate armour      ||     3
Dodge: Dodged            ||    62
Block: Buckler           ||    24

Table legend: (Time is in decaauts)
 A = Elapsed time spent in this place.
 B = Non-inter-level travel time spent in this place.
 C = Inter-level travel time spent in this place.
 D = Time resting spent in this place.
 E = Time spent auto-exploring this place.
 F = Levels seen in this place.
 G = Mean time per level.
                   A        B        C        D        E       F      G
               +--------+--------+--------+--------+--------+-----+--------+
         Total |   2051 |   1960 |     91 |     67 |    977 |   3 |  683.7 |
       Dungeon |   2051 |   1960 |     91 |     67 |    977 |   3 |  683.7 |
               +--------+--------+--------+--------+--------+-----+--------+

Top non-repeatable levels by time:
     D:2: 1034 daAuts
     D:1: 942 daAuts
     D:3: 74 daAuts
